 Dungeon Crawl Stone Soup version 0.18-a0-1782-gb76a692 (webtiles) character file.

6985 namelastname112 the Thaumaturge (level 10, -3/77 HPs)
             Began as a Purple Draconian Conjurer on Apr 17, 2016.
             Was a Believer of Vehumet.
             Slain by an unseen horror (6 damage)
             ... on level 10 of the Dungeon.
             The game lasted 00:22:48 (10803 turns).

namelastname112 the Thaumaturge (DrCj)             Turns: 10803, Time: 00:22:49

Health: -3/77      AC:  9    Str: 14    XL:     10   Next: 81%
Magic:  1/23       EV: 17    Int: 18    God:    Vehumet [**....]
Gold:   507        SH:  0    Dex: 10    Spells: 4 memorised, 15 levels left

rFire  . . .     SeeInvis .     s - staff of wizardry
rCold  . . .     Gourm    .     (armour unavailable)
rNeg   . . .     Faith    .     (no shield)
rPois  .         Spirit   .     (helmet restricted)
rElec  .         Dismiss  .     (no cloak)
rCorr  .         Reflect  .     (no gloves)
SustAt .         Harm     .     e - +1 pair of boots
MR     ++...     Rnd*Rage +     c - amulet of regeneration
Stlth  ++........               g - +4 ring of evasion
                                B - ring of Nylo {+Blink MR+ Str+3}

@: very resistant to hostile enchantments, unstealthy
A: breathe power, unfitting armour, hooves 1, berserk 1, clumsy 1, cold-blooded,
AC +7
a: Breathe Dispelling Energy, Renounce Religion, Evoke Blink


You were on level 10 of the Dungeon.
You worshipped Vehumet.
Vehumet was pleased with you.
You were hungry.

You visited 1 branch of the dungeon, and saw 10 of its levels.

You collected 507 gold pieces.

Inventory:

Hand Weapons
 H - a +2 whip of electrocution
Armour
 e - a +1 pair of boots (worn)
Magical Staves
 s - an uncursed staff of wizardry (weapon)
Rods
 d - a +2 rod of clouds (11/11)
   (You found it on level 7 of the Dungeon)
Jewellery
 c - an amulet of regeneration (around neck)
 g - a +4 ring of evasion (right hand)
 j - an uncursed ring of protection from magic
 B - the ring of Nylo (left hand) {+Blink MR+ Str+3}
   (You found it on level 6 of the Dungeon)

   [ring of protection from magic]

   It affects your strength (+3).
   It affects your resistance to hostile enchantments.
   It lets you blink.
Wands
 y - a wand of heal wounds (8/9)
 C - a wand of lightning (8/15)
Scrolls
 i - a scroll of amnesia {unknown}
 k - 2 scrolls of remove curse
 m - a scroll of brand weapon {unknown}
 q - a scroll of summoning {unknown}
 x - a scroll of fog
 F - a scroll of enchant armour
Potions
 f - 2 potions of berserk rage
 h - 5 potions of heal wounds
 n - 3 potions of brilliance
 p - 2 potions of ambrosia {unknown}
 r - a potion of haste
 t - 2 potions of might
 z - a potion of curing
 D - a potion of lignification {unknown}
Books
 a - a book of Conjurations

   Spells                             Type                      Level
   a - Magic Dart                     Conjuration                  1
   b - Searing Ray                    Conjuration                  2
   c - Dazzling Spray                 Conjuration/Hexes            3
   d - Fulminant Prism                Conjuration/Hexes            4
   e - Iskenderun's Mystic Blast      Conjuration                  4
   f - Iskenderun's Battlesphere      Conjuration/Charms           5
 w - a book of Flames

   Spells                             Type                      Level
   a - Flame Tongue                   Conjuration/Fire             1
   b - Throw Flame                    Conjuration/Fire             2
   c - Conjure Flame                  Conjuration/Fire             3
   d - Inner Flame                    Hexes/Fire                   3
   e - Sticky Flame                   Conjuration/Fire             4
   f - Fireball                       Conjuration/Fire             5
Comestibles
 b - 6 bread rations
 l - 3 beef jerkies
 A - 9 fruits


   Skills:
 + Level 3.3 Fighting
 + Level 3.5 Dodging
 - Level 1.7 Stealth
 + Level 9.6 Spellcasting
 + Level 9.3 Conjurations
 - Level 7.0 Charms
 * Level 8.4 Fire Magic


You had 15 spell levels left.
You knew the following spells:

 Your Spells              Type           Power        Failure   Level  Hunger
a - Iskenderun's Battles  Conj/Chrm      #####...     4%          5    #####..
c - Fireball              Conj/Fire      #####.....   3%          5    #####..
x - Searing Ray           Conj           #####.       1%          2    None
z - Magic Dart            Conj           ####         1%          1    None


Dungeon Overview and Level Annotations

Branches:
Dungeon (10/15)            Temple (0/1) D:6            Lair (0/8) D:8
    Orc: D:9-12

Altars:
Kikubaaqudgha
Makhleb
Nemelex Xobeh
Okawaru
Ru
Vehumet
Xom
Yredelemnul
Zin
The Shining One


Innate Abilities, Weirdness & Mutations

You can breathe bolts of dispelling energy.
Your rich purple scales are hard (AC +7).
Your body does not fit into most forms of armour.
You are cold-blooded and may be slowed by cold attacks.
You have large cloven feet.
You tend to lose your temper in combat.
You are clumsy. (Dex -2)


Message History

The fireball engulfs you!
* * * LOW HITPOINT WARNING * * *
The fireball engulfs the hippogriff.
The hippogriff is heavily wounded.
Something hits you.
* * * LOW HITPOINT WARNING * * *
Something hits you but does no damage.
You take 10 damage, and have 17/77 hp.
You now have 6/23 mp.
Casting: Fireball
Confirm with . or Enter, or press ? or * to list all spells.
Aiming: Fireball
Press: ? - help, Shift-Dir - straight line, f/p - hippogriff
Aim: a hippogriff (heavily wounded)
The fireball explodes!
The fireball engulfs something.
The fireball engulfs you!
* * * LOW HITPOINT WARNING * * *
The fireball engulfs the hippogriff.
The hippogriff is severely wounded.
Something hits you.
You die...

#..........+.......
#..........#.......
#..........#......[
#..........#....... .
#....#.....#....... #.
#..........#....... #.
#..........'....... #.
#..........##+##################.
................@.H..............
..........##...###...............
......._..##...# #...............
..........##...###...............
..........##...........###.......
..........##.....................
.................................
#################################


You could see a hippogriff.

Vanquished Creatures
  Pikel (D:7)
  A hill giant (D:8)
  Joseph (D:7)
  A komodo dragon (D:8)
  The ghost of ThereIsNoGod the Shield-Bearer, an amateur MiFi (D:5)
  A wyvern (D:9)
  2 wraiths (D:9)
  2 humans (D:9)
  A hungry ghost (D:9)
  An orc warrior (D:8)
  2 sky beasts
  2 black bears (D:7)
  4 phantoms
  3 ice beasts (D:6)
  The ghost of ThereIsNoGod the Skirmisher, an amateur FoFi (D:4)
  3 ogres
  A crocodile (D:7)
  5 centaurs
  8 big kobolds
  4 giant frogs
  3 killer bees (D:10)
  5 howler monkeys (D:8)
  2 jellies
  2 crimson imps
  2 giant frog skeletons (D:7)
  4 hounds
  An orc priest (D:8)
  4 iguanas
  Natasha (thrice) (D:2)
  10 orc wizards
  8 worker ants
  2 hound zombies
  14 gnolls
  A worker ant zombie (D:8)
  2 howler monkey skeletons (D:6)
  15 adders
  A shadow imp (D:7)
  2 oozes (D:2)
  3 adder skeletons
  3 worms
  9 dart slugs
  9 giant geckos
  16 orcs
  A ball python (D:3)
  4 giant cockroaches
  7 hobgoblins
  6 jackals
  25 kobolds
  6 quokkas
  5 bats
  A giant gecko skeleton (D:5)
  12 giant newts
  3 goblins
  A jackal skeleton (D:6)
  A jackal zombie (D:8)
  9 rats
247 creatures vanquished.

Vanquished Creatures (others)
  2 slaves (D:7)
  A human (D:3)
  2 jellies (D:7)
  An adder zombie (D:7)
  A giant gecko (D:7)
  A quokka skeleton (D:7)
  9 plants (D:8)
17 creatures vanquished.

Grand Total: 264 creatures vanquished

Notes
Turn   | Place    | Note
--------------------------------------------------------------
     0 | D:1      | namelastname112 the Draconian Conjurer began the quest for the Orb.
     0 | D:1      | Reached XP level 1. HP: 14/14 MP: 3/3
   224 | D:1      | xeno23: реген
   250 | D:1      | xeno23: ну теперь то точно не проебешь
   250 | D:1      | Reached XP level 2. HP: 15/20 MP: 1/5
   251 | D:1      | namelastname112: я бы мп реген предпочел
   263 | D:1      | Learned a level 2 spell: Searing Ray
   603 | D:1      | crauler: ты к доместосу пойдешь?
   632 | D:1      | Reached XP level 3. HP: 26/26 MP: 4/7
   633 | D:1      | namelastname112: посмотрим
   633 | D:1      | namelastname112: а че?
   640 | D:1      | crauler: если веха то реген лучше же
   772 | D:2      | Found a shimmering altar of Xom.
   773 | D:2      | xeno23: к ксому
   793 | D:2      | Noticed an angel
   797 | D:2      | xeno23: к эли
   813 | D:2      | Found a glowing silver altar of Zin.
   870 | D:2      | xeno23: к трогу
   870 | D:2      | namelastname112: оба петушары
   899 | D:2      | Found a burning altar of Makhleb.
   899 | D:2      | Noticed Natasha
   935 | D:2      | Killed Natasha
   935 | D:2      | Reached XP level 4. HP: 5/33 MP: 0/8
  1070 | D:2      | Noticed Natasha
  1075 | D:2      | Killed Natasha
  1075 | D:2      | Reached skill level 5 in Conjurations
  1156 | D:2      | xeno23: ну ксом получше эли даже будет
  1170 | D:2      | xeno23: от него немало так профита
  1267 | D:2      | Found a sacrificial altar of Ru.
  1309 | D:2      | Noticed Natasha
  1316 | D:2      | Killed Natasha
  1316 | D:2      | Reached XP level 5. HP: 28/38 MP: 6/10
  1341 | D:2      | Learned a level 5 spell: Iskenderun's Battlesphere
  1345 | D:2      | xeno23: your body need some improvements, mortal!
  1370 | D:2      | crauler: не хуже сиф муны, кек
  1393 | D:2      | crauler: тоже книги дарит
  1699 | D:2      | Found a glowing golden altar of the Shining One.
  1704 | D:2      | Found a basalt altar of Yredelemnul.
  1707 | D:2      | Noticed a profane servitor
  1727 | D:2      | Reached skill level 1 in Charms
  1771 | D:2      | Found an ancient bone altar of Kikubaaqudgha.
  1844 | D:2      | Noticed an angel
  2053 | D:3      | Reached XP level 6. HP: 38/45 MP: 3/12
  2330 | D:3      | Found a radiant altar of Vehumet.
  2355 | D:3      | Found an ancient bone altar of Kikubaaqudgha.
  2482 | D:3      | Noticed a human
  2484 | D:3      | Killed a human
  2912 | D:4      | Noticed ThereIsNoGod's ghost (amateur FoFi)
  2961 | D:4      | Killed ThereIsNoGod's ghost
  3245 | D:4      | Reached skill level 5 in Spellcasting
  3245 | D:4      | Your scales start taking on a rich purple colour.
  3245 | D:4      | Reached XP level 7. HP: 50/50 MP: 2/16
  3389 | D:4      | xeno23: mmmmmmm
  3479 | D:4      | xeno23: лучший цвет
  3615 | D:4      | namelastname112: палка земли
  3615 | D:4      | namelastname112: ну не
  3615 | D:4      | namelastname112: у меня и так землемаг простаивает
  3890 | D:5      | Entered Level 5 of the Dungeon
  4559 | D:5      | Reached XP level 8. HP: 57/57 MP: 8/18
  4680 | D:5      | namelastname112: ммм
  4680 | D:5      | namelastname112: дис отменяется короче
  4688 | D:5      | Learned a level 5 spell: Fireball
  4770 | D:3      | Became a worshipper of Vehumet
  4877 | D:5      | Noticed ThereIsNoGod's ghost (amateur MiFi)
  4886 | D:5      | Killed ThereIsNoGod's ghost
  4886 | D:5      | Reached skill level 5 in Charms
  5778 | D:6      | Gained mutation: You tend to lose your temper in combat. [mutagenic meat]
  5779 | D:6      | Gained mutation: You have large cloven feet. [mutagenic meat]
  5780 | D:6      | Gained mutation: You are clumsy. (Dex -2) [mutagenic meat]
  5907 | D:6      | Reached XP level 9. HP: 54/62 MP: 7/20
  6015 | D:6      | Found a staircase to the Ecumenical Temple.
  6023 | D:6      | Got a sparkling bone ring
  6061 | D:6      | Identified the ring of Nylo {+Blink MR+ Str+3} (You found it on level 6 of the Dungeon)
  6182 | D:6      | Found a sparkling altar of Nemelex Xobeh.
  6549 | D:7      | Reached skill level 5 in Fire Magic
  6685 | D:7      | Noticed Pikel
  6708 | D:7      | Killed Pikel
  6876 | D:7      | Reached * piety under Vehumet
  6876 | D:7      | Offered knowledge of Sting by Vehumet.
  6918 | D:7      | Identified a +2 rod of clouds (11/11) (You found it on level 7 of the Dungeon)
  6954 | D:7      | Noticed Joseph
  6969 | D:7      | Killed Joseph
  6989 | D:7      | xeno23: вообще
  7054 | D:7      | xeno23: им бы сделать просто 15 лвлов данжа
  7074 | D:7      | xeno23: и на 15 орб
  7287 | D:7      | xeno23: все таки начало - самая интересная часть
  7287 | D:7      | namelastname112: потому что у тебя нихуя нет
  7287 | D:7      | xeno23: ну да
  7406 | D:8      | Reached skill level 1 in Fighting
  7417 | D:8      | Reached XP level 10. HP: 67/71 MP: 1/22
  7788 | D:8      | Offered knowledge of Shock by Vehumet.
  7960 | D:8      | Reached ** piety under Vehumet
  8406 | D:8      | Noticed a hill giant
  8411 | D:8      | Killed a hill giant
  8415 | D:8      | crauler: >tfw ты мрешь в мид-лейт гейме
  8554 | D:8      | Found a staircase to the Lair.
  8937 | D:9      | Found an iron altar of Okawaru.
  9066 | D:9      | Noticed a death knight
  9067 | D:9      | Noticed a skeletal warrior
  9067 | D:9      | namelastname112: блять
  9067 | D:9      | namelastname112: и вот объясните мне
  9067 | D:9      | namelastname112: пожалуйста
  9067 | D:9      | namelastname112: что вот это за говно
  9534 | D:9      | crauler: ?
 10390 | D:9      | Offered knowledge of Mephitic Cloud by Vehumet.
 10531 | D:9      | namelastname112: вот это вот
 10531 | D:9      | namelastname112: д9
 10531 | D:9      | namelastname112: дез найт
 10619 | D:10     | Entered Level 10 of the Dungeon
 10739 | D:10     | Found a sparkling altar of Nemelex Xobeh.
 10764 | D:10     | crauler: Speed:
    10 | HD: 10   | HP: 62-93
                  | AC/EV: 10/9
                  | Damage: 28
 10793 | D:10     | crauler: сверху гмейс еще я так понимаю
 10803 | D:10     | crauler: 40 за удар
 10803 | D:10     | HP: 2/77 [shot self (15)]
 10803 | D:10     | Slain by an unseen horror

Vault maps used:
D:1:      lightli_arrival_statuegarden
D:2:      grunt_temple_overflow_order_and_chaos_1,
          grunt_temple_overflow_holy_war, lemuel_coloured_pillars_altar,
          nicolae_overflow_hidden_temple, old_standard_altar, first_bread,
          minivault_26, uniq_natasha
D:3:      vehumet_crystals, tgw_kikubaaqudgha
D:4:      kennysheep_small_circle
D:6:      nicolae_overflow_crystal_walls, minmay_temple_entry_statues_fountains,
          st_stairs_11
D:7:      uniq_pikel, uniq_joseph
D:8:      david_lair_shrubbed, special_room
D:9:      okawaru_humans
D:10:     basic_altar, hangedman_tree_tricks

Skill      XL: |  1  2  3  4  5  6  7  8  9 10 |
---------------+-------------------------------+-----
Spellcasting   | 3 4 6 7 8 9 |  9.6
Conjurations   | 5 6 7 8 9 |  9.3
Charms         | 1 3 4 5 7 |  7.0
Fire Magic     | 4 6 8 |  8.4
Fighting       | 1 3 |  3.3
Dodging        | 2 3 |  3.5
Stealth        | |  1.7

Action                   |  1- 3 |  4- 6 |  7- 9 | 10-12 || total
-------------------------+-------+-------+-------+-------++-------
Melee: Unarmed           |    54 |       |       |       ||    54
       Tailslap          |     5 |     4 |     2 |    13 ||    24
       Dagger            |    16 |    29 |    24 |       ||    69
       Whip              |       |       |    13 |    46 ||    59
       Staff             |       |       |     3 |    32 ||    35
 Cast: Magic Dart        |    48 |   129 |    81 |       ||   258
       Searing Ray       |     1 |    20 |    55 |    27 ||   103
       Iskenderun's Batt |       |       |     9 |       ||     9
       Fireball          |       |       |     3 |    53 ||    56
 Abil: Breathe Dispellin |       |       |       |     2 ||     2
       Evoke Blink       |       |       |       |     1 ||     1
Evoke: Wand              |       |       |     4 |       ||     4
  Use: Scroll            |       |       |    16 |       ||    16
 Stab: Sleeping          |       |       |     1 |       ||     1
  Eat: Chunk             |       |     8 |    19 |    16 ||    43
       Fruit             |       |       |     1 |     1 ||     2
       Bread ration      |       |       |       |     1 ||     1
       Pizza             |       |       |       |     1 ||     1
Armor: Skin              |    34 |    35 |    55 |    46 ||   170
Dodge: Dodged            |    54 |    72 |   126 |   146 ||   398
